 Dungeon Crawl Stone Soup version 0.16-a0-3330-g2931290 (webtiles) character file.

107 Kemay the Insei (level 4, -1/28 HPs)
             Began as an Octopode Transmuter on Dec 28, 2014.
             Slain by Crazy Yiuf
             ... wielding a +2 quarterstaff of chaos
              (9 damage)
             ... on level 2 of the Dungeon.
             The game lasted 00:05:51 (2211 turns).

Kemay the Insei (Octopode Transmuter)               Turns: 2211, Time: 00:05:51

Health: -1/28      AC:  1    Str:  9    XL:     4   Next: 86%
Magic:  6/7        EV: 13    Int: 16    God:
Gold:   84         SH:  0    Dex: 12    Spells: 1 memorised, 6 levels left

rFire  . . .     SeeInvis .       - Unarmed
rCold  . . .     Clarity  .     (no shield)
rNeg   . . .     SustAb   .     (helmet restricted)
rPois  .         Gourm    .     (no amulet)
rElec  .         Spirit   .     (no ring)
rCorr  .         Warding  .     (no ring)
rMut   .         Stasis   .     (no ring)
MR     .....                    (no ring)
Stlth  ++........               (no ring)
                                (no ring)
                                (no ring)
                                (no ring)

@: appendage, not resistant to hostile enchantments, unstealthy
A: almost no armour, amphibious, 8 rings, constrict 8, tentacle spike 3,
camouflage 1, gelatinous body 1
a: End Transformation


You were on level 2 of the Dungeon.
You were not hungry.
One of your tentacles had a temporary spike.
You visited 1 branch of the dungeon, and saw 2 of its levels.

You collected 84 gold pieces.

Inventory:

Hand weapons
 c - a +1 dagger of speed
Magical devices
 i - a wand of slowing (14)
Scrolls
 g - a scroll of amnesia
 h - a scroll of fog
Potions
 b - a potion of curing {unknown}
 e - a potion of restore abilities
 j - a potion of haste
Books
 d - a book of Changes

   Spells                             Type                      Level
   a - Beastly Appendage              Transmutation                1
   b - Sticks to Snakes               Transmutation                2
   c - Spider Form                    Transmutation/Poison         3
   d - Ice Form                       Ice/Transmutation            4
   e - Blade Hands                    Transmutation                5
Comestibles
 a - 5 bread rations
 f - 3 fruits
 k - a royal jelly


   Skills:
 - Level 1.0 Fighting
 + Level 3.2 Dodging
 * Level 4.7 Unarmed Combat
 - Level 2.0 Spellcasting
 - Level 2.0 Transmutations


You had 6 spell levels left.
You knew the following spells:

 Your Spells              Type           Power        Failure   Level  Hunger
a - Beastly Appendage     Trmt           #.....       10%         1    #......


Dungeon Overview and Level Annotations

Branches:
Dungeon (2/15)

Altars:

Annotations:
D:2 1 exclusion, Crazy Yiuf


Innate Abilities, Weirdness & Mutations

You cannot wear most types of armour.
You are amphibious.
You can wear up to eight rings at the same time.
You can use your tentacles to constrict many enemies at once.
Your skin changes colour to match your surroundings (Stealth).
Your rubbery body absorbs attacks (AC +1).
One of your tentacles bears a large vicious spike.


Message History

Crazy Yiuf the Enlightened comes into view.
He is wielding a quarterstaff of chaos.
You see here a hammer.
Crazy Yiuf is nearby!
Casting: Beastly Appendage
Confirm with . or Enter, or press ? or * to list all spells.
One of your tentacles grows a vicious spike.
You bludgeon Crazy Yiuf! Your grab misses Crazy Yiuf.
Crazy Yiuf is moderately wounded.
Crazy Yiuf hits you with a quarterstaff of chaos!
Crazy Yiuf burns you.
* * * LOW HITPOINT WARNING * * *
You tentacle-slap Crazy Yiuf but do no damage.
You grab Crazy Yiuf. Your squeeze misses Crazy Yiuf.
Crazy Yiuf is moderately wounded.
You constrict Crazy Yiuf. You tentacle-slap Crazy Yiuf.
Crazy Yiuf is heavily wounded.
You constrict Crazy Yiuf, but do no damage.
Crazy Yiuf hits you with a quarterstaff of chaos!
You die...

###***** #.#. #..,,,,* #.#.
#.#***** #.#. #.#### #.#.
#.##.# #... ###.##.##♣♣
***** #.#. #......#..♣♣
***,,,* #...
#)#.#......♣♣**,,,,,* #...
########.#.##...@g.♣,,**,,,*
#...
#........#.####...♣.♣*******
##.. #.########.# ##♣♣♣**
*#.. #.# #.# #... #†# #.#
#### #.# #.# ###... #.#
######.# ##).... ..#
#..>...# ##.###.. ###
#.###### ##.## ##.


You could see Crazy Yiuf.

Vanquished Creatures
  Robin (D:2)
  5 adders (D:2)
  A worm (D:2)
  A ball python (D:1)
  5 bats
  3 giant cockroaches
  11 goblins
  6 hobgoblins
  5 kobolds
  3 giant newts
  6 rats
47 creatures vanquished.

Notes
Turn   | Place    | Note
--------------------------------------------------------------
     0 | D:1      | Kemay, the Octopode Transmuter, began the quest for the Orb.
     0 | D:1      | Reached XP level 1. HP: 13/13 MP: 3/3
   267 | D:1      | Reached XP level 2. HP: 16/18 MP: 4/4
   829 | D:2      | Reached XP level 3. HP: 17/23 MP: 4/6
   931 | D:2      | Reached skill level 4 in Unarmed Combat
  1351 | D:2      | Reached XP level 4. HP: 21/28 MP: 5/7
  1472 | D:2      | Noticed Robin
  1485 | D:2      | Killed Robin
  2207 | D:2      | Noticed Crazy Yiuf
  2211 | D:2      | Slain by Crazy Yiuf

Action                   |  1- 3 |  4- 6 || total
-------------------------+-------+-------++-------
Melee: Unarmed           |    85 |    49 ||   134
 Cast: Beastly Appendage |     9 |     4 ||    13
 Abil: End Transformatio |     2 |     2 ||     4
  Use: Scroll            |     8 |     2 ||    10
 Stab: Sleeping          |     4 |     1 ||     5
  Eat: Chunk             |     2 |     2 ||     4
